 Dungeon Crawl Stone Soup version 0.31-a0-188-g5e087ee2ca (webtiles) character file.

Game seed: 2227073873002108330

9 qw the Shooter (level 2, -1/16 HPs)
             Began as a Deep Elf Hunter on June 23, 2023.
             Slain by a jackal (2 damage)
             ... on level 1 of the Dungeon.
             The game lasted 00:00:04 (56 turns).

qw the Shooter (Deep Elf Hunter)                      Turns: 56, Time: 00:00:04

Health: -1/16      AC:  3    Str:  8    XL:     2   Next: 6%
Magic:  4/4        EV: 12    Int: 13    God:
Gold:   22         SH:  0    Dex: 18    Spells: 1/1 levels left

rFire   . . .        a - +0 shortbow
rCold   . . .        (shield currently unavailable)
rNeg    . . .        c - +0 leather armour
rPois   .            (no helmet)
rElec   .            (no cloak)
rCorr   .            (no gloves)
SInv    .            (no boots)
Will    .....        (no amulet)
Stlth   ++           (no ring)
HPRegen 0.22/turn    (no ring)
MPRegen 0.09/turn

%: no passive effects
@: no status effects
A: no striking features
a: no special abilities


You were on level 1 of the Dungeon.
You visited 1 branch of the dungeon, and saw 1 of its levels.

You collected 22 gold pieces.


   Skills:
 - Level 1.5 Fighting
 + Level 6.0 Ranged Weapons
 - Level 2.4 Dodging
 - Level 1.2 Stealth


You had one spell level left.
You didn't know any spells.
Your spell library was empty.

Inventory:

Hand Weapons
 a - a +0 shortbow (weapon)
Armour
 c - a +0 leather armour (worn)
 d - a +0 ring mail
Scrolls
 b - a scroll of butterflies

Dungeon Overview and Level Annotations

Branches:
Dungeon (1/15)

Altars:


Message History

You shoot an arrow. The arrow hits the jackal.
You kill the jackal!
The jackal misses you. x2; The jackal completely misses you.
The jackal bites you. The jackal closely misses you.
You shoot an arrow. The arrow hits the jackal.
The jackal is almost dead.
The jackal bites you. x2; The jackal barely misses you.
The jackal bites you but does no damage.
The jackal barely misses you. The jackal misses you.
You shoot an arrow. The arrow hits the jackal.
You kill the jackal!
The goblin hits you with a +0 dagger. The jackal completely misses you.
The jackal bites you. The goblin completely misses you. The jackal misses you.
The jackal bites you.
You have reached level 2!
You shoot an arrow. The arrow hits the goblin!
You kill the goblin!
The jackal bites you but does no damage.
The jackal closely misses you.
A goblin comes into view. It is wielding a +0 club.
Your Ranged Weapons skill increases to level 6!
You shoot an arrow. The arrow closely misses the jackal.
The jackal bites you but does no damage. x2
The jackal barely misses you. The jackal misses you.
You shoot an arrow. The arrow closely misses the jackal.
The jackal closely misses you.
The jackal bites you but does no damage.
You shoot an arrow. The arrow completely misses the jackal.
The jackal bites you. The jackal barely misses you.
The jackal bites you but does no damage.
The jackal barely misses you.
You shoot an arrow. The arrow barely misses the jackal.
The jackal bites you but does no damage.
The jackal bites you. The jackal closely misses you.
You shoot an arrow. The arrow hits the jackal.
The jackal is severely wounded.
The jackal bites you. The jackal closely misses you. The jackal misses you.
You shoot an arrow. The arrow barely misses the jackal.
The jackal misses you. The jackal bites you. x2
You die...

##.# # #..#
#.#######.######
...............#
...............###
..................
..................
..........h).$....
..........@g......
...........h.#....
.............#....
#+############ ..


You could see 2 jackals and a goblin.

Vanquished Creatures
  A dart slug (D:1)
  A ball python (D:1)
  An endoplasm (D:1)
  A goblin (D:1)
  2 jackals (D:1)
6 creatures vanquished.

Notes
Turn   | Place    | Note
-------+----------+-------------------------------------------
     0 | D:1      | qw the Deep Elf Hunter began the quest for the Orb.
     0 | D:1      | Reached XP level 1. HP: 12/12 MP: 3/3
     0 | D:1      | 0 ||| qw: Version: 0.3-a-9-g12657ce
     0 | D:1      | 0 ||| qw: Game counter: 3600
     0 | D:1      | 0 ||| qw: Always use a shield: true
     0 | D:1      | 0 ||| qw: God list: Okawaru
     0 | D:1      | 0 ||| qw: Allow faded altars: false
     0 | D:1      | 0 ||| qw: Do Orc after D:15 true
     0 | D:1      | 0 ||| qw: Do second Lair branch before Depths: true
     0 | D:1      | 0 ||| qw: Lair rune preference: random
     0 | D:1      | 0 ||| qw: Plans: Normal
     0 | D:1      | 0 ||| PLANNING D:1-11
    50 | D:1      | Reached XP level 2. HP: 7/16 MP: 4/4
    51 | D:1      | Reached skill level 6 in Ranged Weapons
    55 | D:1      | HP: 4/16 [jackal (1)]
    56 | D:1      | HP: 1/16 [jackal (3)]
    56 | D:1      | Slain by a jackal

Levels and vault maps discovered:
D:1:      grunt_arrival_lava_bath, layout_basic,
          hellmonk_ecumenical_altar_crossroads

Skill      XL: |  1  2 |
---------------+-------+-----
Ranged Weapons | 6 |  6.0
Fighting       | |  1.5
Dodging        | |  2.4
Stealth        | |  1.2

Action                     || total
---------------------------++-------
   Fire: Shortbow          ||    29
 Armour: Leather armour    ||     8
  Dodge: Dodged            ||    25

Table legend:
 A = Non-vault XP
 B = Vault XP
 C = Vault XP percentage of total XP
 D = Non-vault monster count
 E = Vault monster count
 F = Vault count percentage of total count
                 A         B        C        D         E       F
            +---------+---------+-------+---------+---------+-------
      Total |      14 |       0 |   0.0 |       6 |       0 |   0.0
            +---------+---------+-------+---------+---------+-------
        D:1 |      14 |       0 |   0.0 |       6 |       0 |   0.0
            +---------+---------+-------+---------+---------+-------
